 Dungeon Crawl Stone Soup version 0.29.1-14-g9c671dbff4 (webtiles) character file.

Game seed: 124016193015899296

73 Sanktem7 the Trooper (level 4, -10/41 HPs)
             Began as a Minotaur Fighter on Feb 18, 2023.
             Mangled by an ogre
             ... wielding a +0 giant club
              (29 damage)
             ... on level 3 of the Dungeon.
             The game lasted 00:01:42 (1539 turns).

Sanktem7 the Trooper (Minotaur Fighter)             Turns: 1539, Time: 00:01:43

Health: -10/41     AC:  8    Str: 23    XL:     4   Next: 8%
Magic:  3/3        EV:  9    Int:  5    God:
Gold:   81         SH:  4    Dex:  9    Spells: 3/3 levels left

rFire   . . .      SeeInvis .   a - +0 war axe {axe}
rCold   . . .      Faith    .   c - +0 buckler
rNeg    . . .      Spirit   .   b - +0 scale mail
rPois   .          Reflect  .   (helmet restricted)
rElec   .          Harm     .   (no cloak)
rCorr   .          Rampage  .   (no gloves)
Will    .....                   g - +0 pair of boots
Stlth   ..........              (no amulet)
HPRegen 0.13/turn               (no ring)
MPRegen 0.08/turn               (no ring)

@: no status effects
A: horns 2, retaliatory headbutt
a: no special abilities


You were on level 3 of the Dungeon.
You visited 1 branch of the dungeon, and saw 3 of its levels.

You collected 81 gold pieces.


Innate Abilities, Weirdness & Mutations

You have a pair of horns on your head.
You reflexively headbutt those who attack you in melee.


   Skills:
 * Level 4.7 Fighting
 * Level 3.8 Axes
 + Level 4.1 Armour
 - Level 3.6 Shields


You had 3 spell levels left.
You didn't know any spells.
Your spell library was empty.

Inventory:

Hand Weapons
 a - a +0 war axe (weapon) {axe}
 n - a +2 spear of flaming {polearm}
   (You found it on level 2 of the Dungeon)
 r - a +1 dagger of draining {short}
   (You took it off a goblin on level 3 of the Dungeon)
 t - a +2 dagger of holy wrath {short}
   (You found it on level 3 of the Dungeon)
Missiles
 l - 11 stones (quivered) {throwing}
Armour
 b - a +0 scale mail (worn)
 c - a +0 buckler (worn)
 g - a +0 pair of boots (worn)
   (You found it on level 1 of the Dungeon)
Scrolls
 e - a scroll of butterflies {unknown}
 f - a scroll of teleportation {unknown}
 h - a scroll of brand weapon {unknown}
 i - a scroll of vulnerability {unknown}
 j - a scroll of immolation {unknown}
 k - a scroll of poison {unknown}
 p - 2 scrolls of identify {unknown}
Potions
 d - 2 potions of might
 m - 3 potions of curing {unknown}
 o - a potion of brilliance {unknown}
 q - a potion of heal wounds {unknown}
 s - a potion of attraction {unknown}

Dungeon Overview and Level Annotations

Branches:
Dungeon (3/15) Zot: 16421

Altars:
Uskayaw

....=.##...#
...........##
.......#....##.
.......#......
.......#....#
............#
<.....†...#.###
#.[..O@<.#...#
#..####...##.#
#....#.## #...
. ####.#..#
...##. .##.#
..... ###.#
#...# #.##
.#...# #..#
.#...# ##.#


You could see an ogre.


Message History

You barely miss the giant cockroach.
Your headbutt misses the giant cockroach.
You block the giant cockroach's attack.
The giant cockroach bites you but does no damage.
You slash the giant cockroach!
You kill the giant cockroach!
No target in view!
No target in view!
No target in view!
No target in view!
No target in view!
No target in view!
You now have 72 gold pieces (gained 7).
A goblin comes into view. It is wielding a +0 club.
The goblin shouts!
A goblin is nearby!
You closely miss the goblin. Your headbutt misses the goblin.
The goblin closely misses you.
You hit the goblin.
You kill the goblin!
No target in view!
No target in view!
No target in view!
No target in view!
No target in view!
No target in view!
No target in view!
No target in view!
You see here a +0 club {mace}.
An adder comes into view.
The adder hisses angrily.
An adder is nearby!
You miss the adder. The adder bites you but does no damage.
You block the adder's attack.
You closely miss the adder. The adder bites you but does no damage.
You miss the adder. Your headbutt misses the adder.
The adder bites you but does no damage. The adder closely misses you.
You hit the adder. The adder bites you but does no damage.
You block the adder's attack.
You miss the adder. Your headbutt misses the adder.
The adder completely misses you. The adder bites you but does no damage.
You slash the adder!
You kill the adder!
No target in view!
No target in view!
No target in view!
No target in view!
No target in view!
No target in view!
A goblin comes into view. It is wielding a +1 dagger of draining.
The goblin shouts!
A goblin is nearby!
An adder and a dart slug come into view.
An adder comes into view.
The goblin barely misses you. You furiously retaliate!
You headbutt the goblin!
You kill the goblin!
The dart slug launches a dart at you.
The slug dart hits you but does no damage.
The adder bites you but does no damage. You block the adder's attack.
You completely miss the adder. You headbutt the adder!
You kill the adder!
You hit the adder but do no damage. Your headbutt misses the adder.
The adder barely misses you.
You slash the adder! You slash the dart slug! The adder closely misses you. x2
The dart slug bites you but does no damage.
You hit the dart slug.
You kill the dart slug!
You hit the adder.
You kill the adder!
You have reached level 4!
You feel stronger. 😎 HP[+7] MP[+1]
You now have 41 max hp (+7).
Your hp is fully restored (41).
Your mp is fully restored (3).
r - a +1 dagger of draining {short}
m - 3 smoky coppery potions (gained 1)
s - a smoky cyan potion You now have 81 gold pieces (gained 9).
t - a +2 dagger of holy wrath {short} An ogre comes into view.
It is wielding a +0 giant club.
Found a ring mail.
Found a stone staircase leading up.
The ogre shouts!
A rat comes into view.
Found a scratched ivory ring.
Found a stone staircase leading up.
The ogre hits you with a +0 giant club!!
Ouch! That really hurt!
* * * LOW HITPOINT WARNING * * *
😨 HP[-23]
You take 23 damage, and now have 18/41 hp.
MASSIVE DAMAGE!! (PAUSE)
You hit the rat. You closely miss the ogre.
The rat bites you but does no damage.
You closely miss the rat. You headbutt the rat.
You kill the rat!
You hit the ogre but do no damage. The ogre barely misses you.
You slash the ogre! You block the ogre's attack.
You slash the ogre!
The ogre hits you with a +0 giant club!!
Ouch! That really hurt!
You die...

Skill      XL: |  1  2  3 |
---------------+----------+-----
Fighting       | 4 |  4.7
Axes           | 3 |  3.8
Armour         | 4 |  4.1
Shields        | |  3.6

Action                   |  1- 3 |  4- 6 || total
-------------------------+-------+-------++-------
Melee: War axe           |    82 |     4 ||    86
       Headbutt          |     6 |     1 ||     7
Armor: Scale mail        |    42 |     1 ||    43
Dodge: Dodged            |    37 |     1 ||    38
Block: Buckler           |    26 |     1 ||    27

Levels and vault maps discovered:
D:1:      ncdulo_halloftheorcs, layout_loops_corners,
          dreamdust_ecumenical_altar_drowned_temple
D:2:      layout_rooms, basic_altar
D:3:      layout_rooms

Notes
Turn   | Place    | Note
-------+----------+-------------------------------------------
     0 | D:1      | Sanktem7 the Minotaur Fighter began the quest for the Orb.
     0 | D:1      | Reached XP level 1. HP: 19/19 MP: 0/0
     0 | D:1      | magus.rc [v1.9.6]
   147 | D:1      | Found a faded altar of an unknown god.
   321 | D:1      | Reached skill level 4 in Fighting
   321 | D:1      | Reached skill level 3 in Axes
   321 | D:1      | Reached XP level 2. HP: 18/27 MP: 1/1
  1121 | D:2      | Reached XP level 3. HP: 33/33 MP: 2/2
  1142 | D:2      | Found a hide-covered altar of Uskayaw.
  1215 | D:2      | Reached skill level 4 in Armour
  1474 | D:3      | Reached XP level 4. HP: 41/41 MP: 3/3
  1532 | D:3      | Noticed an ogre
  1539 | D:3      | Mangled by an ogre

Vanquished Creatures
  A gnoll (D:1)
  3 adders (D:3)
  A dart slug (D:3)
  A ball python (D:2)
  A bat (D:1)
  3 endoplasms (D:1)
  2 giant cockroaches
  4 hobgoblins (D:2)
  3 quokkas
  A frilled lizard (D:1)
  4 goblins
  5 kobolds
  4 rats
  A spectral kobold (D:1)
34 creatures vanquished.

Table legend:
 A = Non-vault XP
 B = Vault XP
 C = Vault XP percentage of total XP
 D = Non-vault monster count
 E = Vault monster count
 F = Vault count percentage of total count
                 A         B        C        D         E       F
            +---------+---------+-------+---------+---------+-------
      Total |     104 |       1 |   1.0 |      33 |       1 |   2.9
            +---------+---------+-------+---------+---------+-------
        D:1 |      29 |       1 |   3.3 |      10 |       1 |   9.1
        D:2 |      24 |       0 |   0.0 |      15 |       0 |   0.0
        D:3 |      51 |       0 |   0.0 |       8 |       0 |   0.0
            +---------+---------+-------+---------+---------+-------

Illustrated notes

Table legend:
 A = Kills in this place as a percentage of kills in entire the game.
 B = Kills by you in this place as a percentage of kills by you in the entire game.
 C = Kills by friends in this place as a percentage of kills by friends in the entire game.
 D = Other kills in this place as a percentage of other kills in the entire game.
 E = Experience gained in this place as a percentage of experience gained in the entire game.
 F = Experience gained in this place divided by the number of levels of this place that you have seen.
                   A       B       C       D       E      F
               +-------+-------+-------+-------+-------+----------------------
         Total | 100.0 | 100.0 |   N/A |   N/A | 100.0 |  35.0
       Dungeon | 100.0 | 100.0 |   N/A |   N/A | 100.0 |  35.0
               +-------+-------+-------+-------+-------+----------------------

Table legend: (Time is in decaauts)
 A = Elapsed time spent in this place.
 B = Non-inter-level travel time spent in this place.
 C = Inter-level travel time spent in this place.
 D = Time resting spent in this place.
 E = Time spent auto-exploring this place.
 F = Levels seen in this place.
 G = Mean time per level.
                   A        B        C        D        E       F      G
               +--------+--------+--------+--------+--------+-----+--------+
         Total |   1576 |   1536 |     40 |      0 |   1311 |   3 |  525.3 |
       Dungeon |   1576 |   1536 |     40 |      0 |   1311 |   3 |  525.3 |
               +--------+--------+--------+--------+--------+-----+--------+

Top non-repeatable levels by time:
     D:1: 1022 daAuts
     D:2: 423 daAuts
     D:3: 130 daAuts
